 Dungeon Crawl Stone Soup version 0.20.0-7-g3b7b877 (webtiles) character file.

897 rutigerpupkin the Covered (level 8, 0/51 HPs)
             Began as a Gargoyle Fighter on May 29, 2017.
             Slain by an orc
             ... wielding a +0 trident
              (7 damage)
             ... on level 5 of the Dungeon.
             The game lasted 00:13:30 (4371 turns).

rutigerpupkin the Covered (Gargoyle Fighter)        Turns: 4371, Time: 00:13:30

Health: 0/51       AC: 16    Str: 25    XL:     8   Next: 7%
Magic:  8/8        EV:  8    Int:  9    God:
Gold:   179        SH: 10    Dex: 11    Spells: 7/7 levels left

rFire    . . .     SeeInvis .   a - +0 flail
rCold    . . .     Gourm    .   c - +0 shield
rNeg     + . .     Faith    .   b - +0 scale mail
rPois    ∞         Spirit   .   (no helmet)
rElec    +         Reflect  .   D - +2 cloak
rCorr    .         Harm     .   (no gloves)
MR       .....                  (no boots)
Stlth    ..........             (no amulet)
Regen    0.2/turn               (no ring)
MPRegen  0.2/turn               (no ring)

@: mighty
A: negative energy resistance 1, electricity resistance, unbreathing,
petrification resistance, rot immunity, AC +5
a: no special abilities


You were on level 5 of the Dungeon.
You were hungry.

You visited 1 branch of the dungeon, and saw 5 of its levels.

You collected 179 gold pieces.

Inventory:

Hand Weapons
 a - a +0 flail (weapon)
Missiles
 u - 8 needles of sleeping
 v - 9 poisoned needles
 y - 2 tomahawks (quivered)
Armour
 b - a +0 scale mail (worn)
 c - a +0 shield (worn)
 g - a +0 plate armour
 D - a +2 cloak (worn)
Wands
 q - a wand of flame (17/48)
 s - a wand of acid (11/15)
 t - a wand of random effects (22/48)
 E - a wand of flame (15/48)
Scrolls
 i - a scroll of amnesia {unknown}
 m - 6 scrolls of remove curse
 n - a scroll of enchant weapon {unknown}
 o - a scroll of recharging {unknown}
 p - a scroll of enchant armour {unknown}
 r - 6 scrolls of identify
 C - 2 scrolls of blinking {unknown}
Potions
 d - a potion of might
 e - 4 potions of magic {unknown}
 h - a potion of lignification {unknown}
 k - a potion of haste
 l - 3 potions of mutation {unknown}
 x - a potion of agility {unknown}
 A - a potion of heal wounds {unknown}
Comestibles
 f - 2 bread rations
 j - 7 fruits
 w - a royal jelly
 z - a meat ration
 B - a chunk of flesh


   Skills:
 + Level 5.7 Fighting
 + Level 4.7 Maces & Flails
 + Level 5.9 Armour
 + Level 5.9 Shields


You had 7 spell levels left.
You didn't know any spells.

Dungeon Overview and Level Annotations

Branches:
Dungeon (5/15)
 Temple: D:4-7

Altars:
Ashenzari
Cheibriados
Fedhas
Okawaru
Qazlal

Shops:
D:5 ?:

Annotations:
D:4 lastplaneout's ghost, amateur TrMo
D:5 kimtruck's ghost, novice MiBe


Innate Abilities, Weirdness & Mutations

You are resistant to torment.
Your stone body is resilient. (AC +5)
You are immune to poison.
You resist negative energy. (rN+)
You are resistant to electric shocks. (rElec)
You can survive without breathing.
You are immune to petrification.
You are immune to rotting.


Message History

You closely miss something.
The orc hits you from afar with a trident.
* * * LOW HITPOINT WARNING * * *
You hear some strange, mumbled words.
A puff of flame appears from out of thin air!
The puff of flame hits you!
* * * LOW HITPOINT WARNING * * *
The orc hits you but does no damage.
You feel very mighty all of a sudden. You block something's attack.
You barely miss something. You block the orc's attack.
Something hits you but does no damage.
You hear some strange, mumbled words.
A puff of flame appears from out of thin air!
The puff of flame hits you! The orc barely misses you.
You bludgeon something!!
Reactivating autopickup.
You feel a bit more experienced.
The orc hits you from afar with a trident!
You die...

.#. ## .. ###.. .##.
.... #... # #!. ..##.#.
#.#....... #∩.!..##a#
#o%##.##.# ##)##.##.# #
##@##.##.#
#.####...#.##.#
#..........##.######
####........)......#####
#....................
#.#∩..####.####.####.
#.##.## #.# #<# #.####
#.# #.# #.# #.. #.#


You could see an orc.

Vanquished Creatures
  Eustachio (D:5)
  An ogre (D:4)
  A howler monkey (D:4)
  Crazy Yiuf (D:2)
  2 orc priests
  3 orc wizards
  A centaur skeleton (D:4)
  A jelly (D:5)
  6 worker ants
  5 gnolls
  8 adders
  A shadow imp (D:4)
  An ooze (D:1)
  An adder skeleton (D:4)
  A worm (D:2)
  4 dart slugs
  2 leopard geckos
  15 orcs
  2 giant cockroaches
  7 goblins
  6 hobgoblins
  16 jackals
  2 quokkas
  2 ball pythons
  9 bats
  5 frilled lizards
  2 jackal skeletons (D:4)
  10 kobolds
  A leopard gecko zombie (D:5)
  3 rats
120 creatures vanquished.

Notes
Turn   | Place    | Note
-------+----------+-------------------------------------------
     0 | D:1      | rutigerpupkin the Gargoyle Fighter began the quest for the Orb.
     0 | D:1      | Reached XP level 1. HP: 14/14 MP: 1/1
   213 | D:1      | Reached XP level 2. HP: 10/19 MP: 2/2
   553 | D:1      | Reached XP level 3. HP: 23/23 MP: 3/3
  1301 | D:2      | Reached XP level 4. HP: 29/29 MP: 4/4
  1561 | D:2      | Found an iron altar of Okawaru.
  1654 | D:2      | Found a runed door.
  1658 | D:2      | Noticed Crazy Yiuf
  1665 | D:2      | Killed Crazy Yiuf
  1735 | D:2      | Reached XP level 5. HP: 33/33 MP: 5/5
  1957 | D:2      | Found a shattered altar of Ashenzari.
  2346 | D:3      | You fall through a shaft!
  2689 | D:3      | Found a blossoming altar of Fedhas.
  2983 | D:4      | Reached XP level 6. HP: 39/39 MP: 6/6
  3078 | D:4      | Reached skill level 5 in Armour
  3078 | D:4      | Reached skill level 5 in Shields
  3101 | D:4      | Found a snail-covered altar of Cheibriados.
  3343 | D:4      | Reached XP level 7. HP: 38/44 MP: 7/7
  3352 | D:4      | Found a stormy altar of Qazlal.
  3372 | D:4      | Reached skill level 5 in Fighting
  3463 | D:4      | Noticed lastplaneout's ghost (amateur TrMo)
  4169 | D:5      | Entered Level 5 of the Dungeon
  4210 | D:5      | Noticed kimtruck's ghost (novice MiBe)
  4237 | D:5      | Noticed Eustachio
  4273 | D:5      | Found Doiw's Book Shoppe.
  4275 | D:5      | Killed Eustachio
  4285 | D:5      | Found Nevoetir's Magic Scroll Shoppe.
  4354 | D:5      | Reached XP level 8. HP: 29/51 MP: 8/8
  4371 | D:5      | Slain by an orc

Skill      XL: |  1  2  3  4  5  6  7 |
---------------+----------------------+-----
Armour         | 4 5 |  5.9
Shields        | 4 5 |  5.9
Fighting       | 4 5 |  5.7
Maces & Flails | 3 4 |  4.7

Action                   |  1- 3 |  4- 6 |  7- 9 || total
-------------------------+-------+-------+-------++-------
Melee: Flail             |   140 |   371 |   158 ||   669
  Use: Scroll            |       |       |     2 ||     2
       Potion            |       |       |     1 ||     1
  Eat: Chunk             |     2 |     7 |     3 ||    12
Armor: Scale mail        |    97 |   251 |    98 ||   446
Dodge: Dodged            |    59 |   132 |    58 ||   249
Block: Shield            |    79 |   255 |    86 ||   420
